Match 27100640
Unlisted

Match 27100640
End
Royal Engineer Section
Construct Section Command Post
Selects Heavy Armor Battlegroup
Infantry Section
Infantry Section
Grenade Package
Infantry Section
Selects Rigorous Vehicle Training
Construct Platoon Command Post
6-pounder Anti-tank Gun Team
CMP 15cwt Truck
⛧ ElektroStomper ☭
Edu
BrazilianHunter
gabe44arg
Yellow staIrs
JESTER 689
Hevsik
GarryOwen\O-O
0
0

Comments sign in to comment!

No comments posted yet!